 Dungeon Crawl Stone Soup version 0.19.5 (webtiles) character file.

132 Forgotmypassicot the Chiller (level 5, -6/37 HPs)
             Began as a Merfolk Ice Elementalist on Apr 28, 2017.
             Mangled by a crocodile (18 damage)
             ... in a sewer.
             The game lasted 00:36:14 (3296 turns).

Forgotmypassicot the Chiller (MfIE)                 Turns: 3296, Time: 00:36:14

Health: -6/37      AC:  7    Str:  6 (8)  XL:     5   Next: 15%
Magic:  3/9        EV: 16    Int: 13 (16) God:
Gold:   133        SH:  0    Dex: 14      Spells: 3 memorised, 4 levels left

rFire  . . .     SeeInvis .     o - +0 blowgun
rCold  . . .     Gourm    .     e - +0 robe
rNeg   . . .     Faith    .     (no shield)
rPois  .         Spirit   .     (no helmet)
rElec  .         Reflect  .     (no cloak)
rCorr  .         Harm     .     (no gloves)
MR     .....     Rnd*Tele +     (boots currently unavailable)
Stlth  +++.......               (no amulet)
                                n - ring of teleportation (curse)
                                g - ring of flight

@: icy armour, very slightly contaminated, drained, very quick
A: change form in water, swift swim, stealthy swim
a: Evoke Flight


You were in a sewer.
You were very hungry.

You visited 1 branch of the dungeon, and saw 3 of its levels.
You also visited: Sewer.

You collected 133 gold pieces.

Inventory:

Hand Weapons
 d - a +1 short sword
 o - a +0 blowgun (weapon)
Missiles
 a - 2 throwing nets
 j - 8 poisoned needles (quivered)
Armour
 e - a +0 robe (worn)
Jewellery
 g - a ring of flight (left hand)
 n - a cursed ring of teleportation (right hand)
Scrolls
 h - 2 scrolls of enchant weapon
 l - 2 scrolls of remove curse {unknown}
 m - a scroll of amnesia {unknown}
Potions
 i - a potion of might
 k - a potion of magic
Books
 b - a book of Frost

   Spells                             Type                      Level
   a - Freeze                         Ice                          1
   b - Throw Frost                    Conjuration/Ice              2
   c - Ozocubu's Armour               Charms/Ice                   3
   d - Throw Icicle                   Conjuration/Ice              4
   e - Summon Ice Beast               Ice/Summoning                4
Comestibles
 c - 8 chunks of flesh
 f - a beef jerky


   Skills:
 + Level 1.0(0.7) Fighting
 + Level 1.0(0.7) Short Blades
 + Level 3.6(3.2) Dodging
 + Level 2.7(2.3) Stealth
 + Level 1.0(0.7) Unarmed Combat
 + Level 3.1(2.8) Spellcasting
 + Level 1.0(0.6) Conjurations
 + Level 4.0(3.6) Ice Magic


You had 4 spell levels left.
You knew the following spells:

 Your Spells              Type           Power        Failure   Level  Hunger
a - Freeze                Ice            ##..         8%          1    #......
b - Throw Frost           Conj/Ice       #.....       17%         2    ###....
c - Ozocubu's Armour      Chrm/Ice       #.......     34%         3    ###....


Dungeon Overview and Level Annotations

Branches:
Dungeon (3/15)

Altars:

Annotations:
D:3 Sigmund


Message History

Aim: a crocodile (severely wounded, slow)
You freeze the crocodile.
The crocodile seems to slow down.
The crocodile is severely wounded.
Your legs become a tail as you enter the water.
Casting: Freeze
Confirm with . or Enter, or press ? or * to list all spells.
Aiming: Freeze
Press: ? - help, Shift-Dir - straight line, f/p - crocodile
Aim: a crocodile (severely wounded, slow)
You freeze the crocodile.
The crocodile seems to slow down.
The crocodile is severely wounded.
Casting: Freeze
Confirm with . or Enter, or press ? or * to list all spells.
Aiming: Freeze
Press: ? - help, Shift-Dir - straight line, f/p - crocodile
Aim: a crocodile (severely wounded, slow)
You freeze the crocodile.
The crocodile is almost dead.
The crocodile bites you!!
You die...

##..###.≈#
#..≈#...#
##..≈..# #.....#
##≈.≈## #...#
##.## #t#
####@####
####...≈...#####
#≈≈≈≈≈≈≈)≈≈≈≈≈≈#
####...))..#####
###..#..#######
#....#....#..!#
#.∩∩.#.....!..#
#....#....#####
###########


You could see a crocodile.

Vanquished Creatures
  2 gnolls
  6 adders
  An ooze (D:1)
  A worm (D:2)
  A leopard gecko (D:3)
  3 orcs (D:3)
  4 giant cockroaches (D:1)
  3 goblins
  2 hobgoblins
  5 jackals
  A quokka (D:2)
  A ball python (D:1)
  3 bats
  5 frilled lizards
  10 kobolds
  6 rats
54 creatures vanquished.

Notes
Turn   | Place    | Note
-------+----------+-------------------------------------------
     0 | D:1      | Forgotmypassicot the Merfolk Ice Elementalist began the quest for the Orb.
     0 | D:1      | Reached XP level 1. HP: 13/13 MP: 3/3
   240 | D:1      | Reached XP level 2. HP: 15/19 MP: 3/5
   297 | D:1      | Learned a level 2 spell: Throw Frost
   680 | D:1      | Reached XP level 3. HP: 24/24 MP: 6/6
  1203 | D:2      | Found a faded altar of an unknown god.
  1477 | D:2      | Reached skill level 1 in Unarmed Combat
  1477 | D:2      | Reached XP level 4. HP: 12/31 MP: 0/8
  2738 | D:3      | Noticed Sigmund
  2765 | D:3      | Reached skill level 1 in Short Blades
  3033 | D:3      | Reached skill level 1 in Conjurations
  3084 | D:3      | Reached XP level 5. HP: 28/36 MP: 4/9
  3103 | D:3      | Found a glowing drain.
  3109 | D:3      | Reached skill level 1 in Fighting
  3119 | Sewer    | Entered a sewer
  3124 | Sewer    | Learned a level 3 spell: Ozocubu's Armour
  3219 | Sewer    | Reached skill level 4 in Ice Magic
  3265 | Sewer    | Noticed a crocodile
  3296 | Sewer    | Mangled by a crocodile

Skill      XL: |  1  2  3  4  5 |
---------------+----------------+-----
Dodging        | 3 |  3.6
Unarmed Combat | 1 |  1.0
Spellcasting   | 3 |  3.1
Short Blades   | 1 |  1.0
Conjurations   | 1 |  1.0
Fighting       | 1 |  1.0
Ice Magic      | 4 |  4.0
Stealth        | |  2.7

Action                   |  1- 3 |  4- 6 || total
-------------------------+-------+-------++-------
Melee: Unarmed           |    24 |       ||    24
       Short sword       |    63 |    49 ||   112
       Tailslap          |       |     3 ||     3
 Fire: Blowgun           |       |     1 ||     1
 Cast: Freeze            |    19 |    33 ||    52
       Throw Frost       |     9 |    10 ||    19
       Ozocubu's Armour  |       |     1 ||     1
  Use: Potion            |     3 |     2 ||     5
       Scroll            |       |    12 ||    12
 Stab: Sleeping          |     3 |     1 ||     4
  Eat: Chunk             |     1 |     2 ||     3
       Bread ration      |     1 |       ||     1
       Pizza             |       |     1 ||     1
Armor: Robe              |    15 |    11 ||    26
Dodge: Dodged            |    87 |   114 ||   201
